 Dungeon Crawl Stone Soup version 0.31-b1-22-gc680215f68 (webtiles) character file.

Game seed: 2038024550364335800

6482 Destinykillz the Geomancer (level 11, -6/67 HPs)
             Began as a Gargoyle Earth Elementalist on Jan 19, 2024.
             Was a Believer of Sif Muna.
             Mangled by an orc warlord
             ... wielding a +3 battleaxe
              (25 damage)
             ... in a bailey.
             The game lasted 00:35:12 (11247 turns).

Destinykillz the Geomancer (GrEE)                  Turns: 11247, Time: 00:35:13

Health: -6/67      AC: 20    Str: 13    XL:     11   Next: 0%
Magic:  2/20       EV: 11    Int: 19    God:    Sif Muna [**....]
Gold:   90         SH:  6    Dex: 10    Spells: 4/22 levels left

rFire   + . .        J - +4 trident (drain)
rCold   . . .        H - +1 buckler
rNeg    + . .        b - +0 steam dragon scales
rPois   ∞            p - +0 helmet
rElec   +            k - +0 cloak
rCorr   .            v - +0 pair of gloves
SInv    .            B - +0 pair of boots
Will    .....        (no amulet)
Stlth   +++          E - ring of protection from fire
HPRegen 0.31/turn    (no ring)
MPRegen 0.17/turn

%: no passive effects
@: mighty
A: sickness immunity, AC +8, negative energy resistance 1, electricity
resistance, torment resistance 1, petrification resistance
a: Renounce Religion, Channel Magic


You were in a bailey.
You worshipped Sif Muna.
Sif Muna was pleased with you.
You visited 2 branches of the dungeon, and saw 10 of its levels.
You also visited: Bailey.

You collected 404 gold pieces.
You spent 314 gold pieces at shops.

Inventory:

Hand Weapons
 l - a +4 vampiric spear
 J - a +4 trident of draining (weapon)
Missiles
 s - 5 datura-tipped darts
Armour
 b - +0 steam dragon scales (worn)
 k - a +0 cloak (worn)
 p - a +0 helmet (worn)
 v - a +0 pair of gloves (worn)
 y - a +0 pair of gloves
 B - a +0 pair of boots (worn)
 H - a +1 buckler (worn)
 I - a +1 chain mail of positive energy
Jewellery
 E - a ring of protection from fire (left hand)
Talismans
 j - a serpent talisman
Wands
 c - a wand of iceblast (8)
 m - a wand of flame (24)
 t - a wand of digging (8)
 G - a wand of quicksilver (8)
Scrolls
 a - a scroll of fog
 f - a scroll of summoning {unknown}
 g - a scroll of poison
 i - 2 scrolls of teleportation
 n - a scroll of acquirement {unknown}
 o - a scroll of silence
 q - a scroll of vulnerability
 u - a scroll of brand weapon
 C - 2 scrolls of revelation
 K - a scroll of enchant weapon
Potions
 d - 2 potions of might
 h - a potion of mutation {unknown}
 r - 2 potions of cancellation
 w - 2 potions of resistance {unknown}
 x - 4 potions of heal wounds {unknown}
 z - 3 potions of brilliance
 A - 2 potions of haste {unknown}
 D - 2 potions of attraction {unknown}
 F - a potion of invisibility {unknown}
 L - a potion of experience {unknown}


   Skills:
 + Level 7.2 Fighting
 * Level 8.4 Armour
 - Level 1.5 Dodging
 - Level 5.0 Stealth
 - Level 5.0 Shields
 + Level 6.3 Spellcasting
 - Level 5.0 Conjurations
 - Level 10.0 Earth Magic


You had 4 spell levels left.
You knew the following spells:

 Your Spells              Type           Power      Damage    Failure   Level
b - Stone Arrow           Conj/Erth      68%        3d11      1%          3
c - Passwall              Erth           44%        N/A       1%          3
d - Brom's Barrelling Bo  Conj/Erth      34%        2d5       6%          4
e - Magic Dart            Conj           100%       1d8       1%          1
f - Orb of Destruction    Conj           12%        9d7       100%        7

Your spell library contained the following spells:

 Spells                   Type           Power      Damage    Failure   Level
 Sandblast                Erth           88%        2d18      1%          1
 Searing Ray              Conj           50%        2d6       2%          2
 Kiss of Death            Conj/Necr      60%        2d10      4%          1
 Petrify                  Alch/Erth      25%        N/A       19%         4
 Ozocubu's Armour         Ice            6%         N/A       38%         3
 Fulminant Prism          Conj/Alch      7%         3d7       45%         4
 Metabolic Englaciation   Hex/Ice        3%         N/A       98%         5
 Sculpt Simulacrum        Ice/Alch       3%         N/A       100%        6
 Sublimation of Blood     Necr           Unusable   N/A       N/A         2

Dungeon Overview and Level Annotations

Branches:
Dungeon (9/15)             Temple (1/1) D:6             Orc (0/2) D:9
 Bailey (1/1)
   Lair: D:8-11

Altars:
Ashenzari
Cheibriados
Dithmenos
Elyvilon
Fedhas
Gozag
Hepliaklqana
Makhleb
Nemelex Xobeh
Okawaru
Qazlal
Ru
Sif Muna
Trog
Uskayaw
Vehumet
Wu Jian
Yredelemnul
Zin
The Shining One

Shops:
D:5 [   D:8 :

Annotations:
D:2 1 runed translucent door, Crazy Yiuf
Temple 2 transporters


Innate Abilities, Weirdness & Mutations

You are immune to sickness and miasma.
Your stone body is resilient. (AC +8)
You are immune to poison.
You resist negative energy. (rN+)
You are resistant to electric shocks. (rElec)
You are resistant to unholy torment.
You are immune to petrification.


Message History

The orc warrior hits you with a +0 war axe!
You feel better.
The orc warrior hits you with a +0 war axe!
The air fills with toxic fumes!
As you read the scroll of poison, it crumbles to dust.
The orc warrior hits you with a +0 war axe!
* * * LOW HITPOINT WARNING * * *
Casting: Stone Arrow (safe; 1% risk of failure)
Confirm with . or Enter, or press ? or * to list all spells.
Aiming: Stone Arrow (safe; 1% risk of failure)
Press: ? - help, Shift-Dir - straight line, f/p - orc warrior
Aim: an orc warrior, wielding a +0 war axe and wearing a +0 plate armour (almost dead, strong, 74% to hit)
The stone arrow hits the orc warlord.
The orc warlord is lightly wounded.
The orc warrior no longer looks unusually strong.
The orc warlord roars a battlecry!
The orc warrior goes into a battle-frenzy!
Okay, then.
Okay, then.
The orc warlord is engulfed in poison gas.
The orc warlord is poisoned.
The orc warlord is engulfed in poison gas.
The orc warlord looks even sicker.
The orc warlord is engulfed in poison gas.
The orc warlord looks even sicker.
The orc warlord is engulfed in poison gas.
The orc warlord looks as sick as possible!
The orc warlord is engulfed in poison gas.
The orc warlord looks as sick as possible!
The orc warlord hits you but does no damage.
The orc warlord is engulfed in poison gas.
The orc warlord looks as sick as possible!
The orc warlord is engulfed in poison gas.
The orc warlord looks as sick as possible!
There is an open door here.
The orc warlord is engulfed in poison gas.
The orc warlord looks as sick as possible!
The orc warlord attacks as it pursues you!
The orc warlord hits you with a +3 battleaxe!!
You die...

.# .....##8§.)..○☼...#
.# ......#8°§°☼°○☼...#
.# .....gg..☼○.○°°..∩#
.# .....g#8o..§§°☼...#
.# ..... #8☼.○.......#
### .... ###.☼g.§°○..##
#.###
...###.###○☼○.°###
....###.###.....#o#.###
...)..###.......@)###
.......#........)..#
...)...#...........#
.⌠.....#.....⌠.....#
.......'...........#
.....).#...........#
......###.........##
....### ###.....###
#.### ###.###


You could see an orc warlord (extremely poisoned) and a hobgoblin.

Vanquished Creatures
  Pikel (D:4)
  A troll (D:9)
  3 yaks (D:8)
  2 wyverns (D:8)
  Eustachio (D:4)
  2 steam dragons
  2 water moccasins
  3 ice beasts
  11 orc warriors
  3 black bears
  6 ogres
  2 centaurs (D:7)
  A lemure (D:4)
  2 kobold brigands
  A gnoll sergeant (D:8)
  2 scorpions
  A bullfrog (D:6)
  8 wights
  5 killer bees
  A howler monkey (D:8)
  An electric eel (D:8)
  A crimson imp (D:8)
  A jelly (D:7)
  9 orc priests
  A bombardier beetle (D:5)
  4 hounds
  5 iguanas
  4 orc wizards
  4 sleepcaps
  Robin (D:2)
  6 gnolls
  8 adders
  2 white imps
  4 ufetubi
  2 ribbon worms
  A dart slug (D:1)
  35 orcs
  3 bats
  9 endoplasms
  3 giant cockroaches
  24 goblins
  17 hobgoblins
  11 jackals
  12 kobolds
  2 quokkas (D:3)
  5 ball pythons
  4 frilled lizards
  6 rats
243 creatures vanquished.

Vanquished Creatures (collateral kills)
  2 boulders
2 creatures vanquished.

Grand Total: 245 creatures vanquished

Notes
Turn   | Place    | Note
-------+----------+-------------------------------------------
     0 | D:1      | Destinykillz the Gargoyle Earth Elementalist began the
                  | quest for the Orb.
     0 | D:1      | Reached XP level 1. HP: 10/10 MP: 3/3
    77 | D:1      | Reached XP level 2. HP: 16/16 MP: 0/5
   714 | D:1      | Reached skill level 4 in Earth Magic
   857 | D:1      | Reached XP level 3. HP: 20/20 MP: 2/6
  1059 | D:1      | Reached skill level 1 in Fighting
  1461 | D:2      | Reached XP level 4. HP: 24/25 MP: 1/7
  1557 | D:2      | Noticed Robin
  1559 | D:2      | Killed Robin
  2029 | D:2      | Found a runed translucent door.
  2030 | D:2      | Noticed Crazy Yiuf
  2389 | D:3      | Reached XP level 5. HP: 30/30 MP: 0/8
  2459 | D:3      | Learned a level 3 spell: Stone Arrow
  2463 | D:3      | Learned a level 3 spell: Passwall
  2866 | D:3      | Reached skill level 5 in Earth Magic
  2967 | D:4      | Noticed Eustachio
  2984 | D:4      | Killed Eustachio
  2985 | D:4      | Reached XP level 6. HP: 36/36 MP: 3/10
  3288 | D:4      | Reached XP level 7. HP: 39/40 MP: 7/11
  3577 | D:4      | Noticed Pikel
  3598 | D:4      | Killed Pikel
  3599 | D:4      | Reached skill level 5 in Conjurations
  3599 | D:4      | Reached skill level 6 in Earth Magic
  3599 | D:4      | Reached XP level 8. HP: 14/46 MP: 8/13
  3806 | D:4      | Found a glowing silver altar of Zin.
  4575 | D:5      | Entered Level 5 of the Dungeon
  4579 | D:5      | Reached skill level 7 in Earth Magic
  4693 | D:5      | Reached skill level 5 in Stealth
  4752 | D:5      | Reached skill level 1 in Armour
  4904 | D:5      | Reached skill level 8 in Earth Magic
  5146 | D:5      | Found Ranian's Armour Shop.
  5154 | D:5      | Bought a +0 pair of boots for 54 gold pieces
  5327 | D:5      | Reached XP level 9. HP: 31/52 MP: 0/15
  6253 | D:6      | Reached skill level 5 in Fighting
  6253 | D:6      | Reached skill level 1 in Shields
  6372 | D:6      | Found a staircase to the Ecumenical Temple.
  6433 | Temple   | Found a transporter.
  6433 | Temple   | Found a transporter.
  6433 | Temple   | Found a transporter.
  6433 | Temple   | Found a transporter.
  6433 | Temple   | Entered the Ecumenical Temple
  6450 | Temple   | Became a worshipper of Sif Muna the Loreminder
  6667 | D:6      | Reached skill level 9 in Earth Magic
  6815 | D:6      | Found a sparkling altar of Nemelex Xobeh.
  7439 | D:7      | Learned a level 4 spell: Brom's Barrelling Boulder
  7547 | D:7      | Reached skill level 5 in Armour
  7602 | D:7      | Reached skill level 5 in Spellcasting
  7939 | D:7      | Reached * piety under Sif Muna
  8073 | D:7      | Reached XP level 10. HP: 60/60 MP: 9/17
  8582 | D:7      | Learned a level 1 spell: Magic Dart
  8986 | D:8      | Reached skill level 10 in Earth Magic
  9307 | D:8      | Reached ** piety under Sif Muna
  9544 | D:8      | Reached skill level 5 in Shields
  9986 | D:8      | Found Neagouma's Self-Published Books.
  9992 | D:8      | Bought Sif Muna's Compendium of the Genitive for 260 gold
                  | pieces
 10000 | D:8      | Learned a level 7 spell: Orb of Destruction
 10077 | D:8      | Found a radiant altar of Vehumet.
 10078 | D:8      | Found a burning altar of Makhleb.
 10196 | D:8      | Found a stormy altar of Qazlal.
 10329 | D:9      | Found a flagged portal.
 10338 | Bailey   | Entered a bailey
 10923 | Bailey   | Reached *** piety under Sif Muna
 10938 | Bailey   | Reached XP level 11. HP: 58/67 MP: 2/20
 11221 | Bailey   | Noticed an orc warlord
 11247 | Bailey   | Mangled by an orc warlord

Illustrated notes

Levels and vault maps discovered:
D:1:      minmay_arrival_four_circles, layout_loops_ring
D:2:      mumra_celtic_spiral_tile, layout_rooms, uniq_robin,
          uniq_crazy_yiuf_cottage
D:3:      layout_rooms
D:4:      layout_layer_cave, zin_academy, kennysheep_donut, uniq_pikel,
          uniq_eustachio
D:5:      layout_basic, serial_shops, shop, kennysheep_generic_room_9
D:6:      layout_loops_ring, nemelex_dance_club_becter,
          minmay_temple_entry_trees
D:7:      layout_basic, grunt_ministairs_2
D:8:      layout_loops_ring, lemuel_coloured_pillars_altar,
          grunt_temple_overflow_lords_of_destruction, nicolae_custom_books,
          fountainhead
D:9:      layout_long_grid, david_orc_4, enter_bailey_2,
          chequers_serial_rivers_micro_e, minmay_statue_bubble
Temple:   hellmonk_temple_divided_pantheon
Bailey:   bailey_axe_minmay_hex_keep, bailey

Skill      XL: |  1  2  3  4  5  6  7  8  9 10 |
---------------+-------------------------------+-----
Earth Magic    | 4 5 6 8 9 10 | 10.0
Fighting       | 1 2 3 4 5 7 |  7.2
Conjurations   | 2 3 4 5 |  5.0
Stealth        | 3 4 5 |  5.0
Spellcasting   | 3 4 5 6 |  6.3
Armour         | 3 5 8 |  8.4
Shields        | 3 5 |  5.0
Dodging        | |  1.5

Action                     |  1- 3 |  4- 6 |  7- 9 | 10-12 || total
---------------------------+-------+-------+-------+-------++-------
  Melee: Flail             |     6 |    29 |       |       ||    35
         Whip              |       |       |   102 |       ||   102
         Punch             |       |       |     1 |       ||     1
         Trident           |       |       |       |    75 ||    75
         Spear             |       |       |       |    56 ||    56
   Cast: Sandblast         |    50 |    82 |    43 |    10 ||   185
         Stone Arrow       |       |       |    98 |    89 ||   187
         Brom's Barrelling |       |       |     3 |     1 ||     4
         Magic Dart        |       |       |       |    29 ||    29
 Invoke: Forget Spell      |       |       |       |     1 ||     1
    Use: Potion            |       |       |     1 |     4 ||     5
         Scroll            |       |       |       |    18 ||    18
 Armour: Robe              |    13 |    40 |   115 |    11 ||   179
         Steam dragon scal |       |       |       |   108 ||   108
  Dodge: Dodged            |    12 |    30 |    85 |    85 ||   212
  Block: Buckler           |       |       |       |    42 ||    42
